 Dungeon Crawl Stone Soup version 0.27.0-1-g7a089689b8 (webtiles) character file.

Game seed: 6865417835867552054

2203 dolemite99 the Grappler (level 9, -3/75 HPs)
             Began as a Troll Transmuter on Aug 9, 2021.
             Was a Follower of Yredelemnul.
             Slain by a killer bee (6 damage)
             ... on level 7 of the Dungeon.
             The game lasted 00:08:48 (5576 turns).

dolemite99 the Grappler (Troll Transmuter)          Turns: 5576, Time: 00:08:48

Health: -3/75      AC:  5    Str: 23    XL:     9   Next: 12%
Magic:  10/10      EV:  9    Int:  9    God:    Yredelemnul [*.....]
Gold:   384        SH:  0    Dex: 10    Spells: 9/10 levels left

rFire    . . .     SeeInvis .     - Unarmed
rCold    . . .     Faith    .   (no shield)
rNeg     . . .     Spirit   .   a - +0 robe
rPois    .         Reflect  .   (helmet restricted)
rElec    .         Harm     .   s - +0 cloak
rCorr    .         Rampage  .   (gloves unavailable)
Will     .....                  (boots unavailable)
Stlth    +.........             u - amulet of regeneration
HPRegen  2.22/turn              (no ring)
MPRegen  0.12/turn              (no ring)

@: mighty, mirroring injuries
A: large, unfitting armour, claws 3, regeneration 1, shaggy fur 1, tough skin 1
a: Renounce Religion, Animate Remains


You were on level 7 of the Dungeon.
You worshipped Yredelemnul.
Yredelemnul was aware of your devotion.
You visited 1 branch of the dungeon, and saw 9 of its levels.

You collected 384 gold pieces.

Inventory:

Hand Weapons
 o - the +4 war axe "Jellyslayer" {chaos, rElec rF++ rN+ Int-5}
   (You found it on level 4 of the Dungeon)

   Each time it hits an enemy it has a different, random effect.
   Int:       It affects your intelligence (-5).
   rF:        It greatly protects you from fire.
   rElec:     It insulates you from electricity.
   rN:        It protects you from negative energy.
Missiles
 d - 5 poisoned darts (quivered)
 h - 8 boomerangs
 i - 85 bolts
 j - 103 stones
 t - 71 arrows
 w - a throwing net
 F - a curare-tipped dart
Armour
 a - a +0 robe (worn)
 s - a +0 cloak (worn)
Magical Staves
 C - a staff of cold
Jewellery
 n - a ring of magical power
 u - an amulet of regeneration (around neck)
Wands
 k - a wand of polymorph (8)
Scrolls
 b - 2 scrolls of teleportation
 f - 2 scrolls of immolation
 l - a scroll of enchant weapon {unknown}
 m - a scroll of summoning {unknown}
 q - 2 scrolls of blinking {unknown}
 v - a scroll of noise {unknown}
 y - a scroll of amnesia {unknown}
 E - 2 scrolls of vulnerability {unknown}
Potions
 c - 2 potions of cancellation
 e - a potion of degeneration {unknown}
 p - a potion of brilliance {unknown}
 r - 2 potions of resistance
 x - a potion of mutation {unknown}
 z - a potion of magic {unknown}
 B - 2 potions of flight {unknown}
 D - a potion of lignification {unknown}


   Skills:
 - Level 0.7 Fighting
 + Level 5.8 Throwing
 - Level 1.5 Dodging
 - Level 9.6 Unarmed Combat
 - Level 1.2 Spellcasting
 - Level 1.3 Transmutations
 - Level 3.9 Invocations


You had 9 spell levels left.
You knew the following spells:

 Your Spells              Type           Power      Damage    Failure   Level
a - Beastly Appendage     Tmut           6%         N/A       21%         1

Your spell library contained the following spells:

 Spells                   Type           Power      Damage    Failure   Level
 Wereblood                Tmut           3%         N/A       30%         2
 Spider Form              Tmut/Pois      0%         N/A       63%         3
 Ice Form                 Ice/Tmut       1%         N/A       95%         4


Dungeon Overview and Level Annotations

Branches:
Dungeon (9/15)             Temple (0/1) D:5
   Lair: D:8-11         Orc: D:9-12

Altars:
Cheibriados
Gozag
Yredelemnul
Zin


Innate Abilities, Weirdness & Mutations

You are too large for most types of armour.
You have claws for hands.
Your natural rate of healing is unusually fast.
You are covered in fur. (AC +1)
You have tough skin. (AC +1)


Message History

You kill the killer bee!
Yredelemnul accepts your kill.
You feel sick. The killer bee barely misses you. The killer bee stings you.
You are more poisoned.
The killer bee poisons you! Yredelemnul mirrors your injury!
The killer bee is moderately wounded.
The killer bee stings you! Yredelemnul mirrors your injury!
The killer bee is moderately wounded.
The killer bee barely misses you. The gnoll hits you with a +0 club.
* * * LOW HITPOINT WARNING * * *
Yredelemnul mirrors your injury!
The gnoll is severely wounded.
The killer bee closely misses you.
You closely miss the killer bee.
The killer bee is moderately wounded.
You feel very sick. The killer bee stings you.
* * * LOW HITPOINT WARNING * * *
Yredelemnul mirrors your injury!
The killer bee is severely wounded.
The killer bee completely misses you. The killer bee closely misses you.
The gnoll barely misses you. The killer bee barely misses you.
The killer bee stings you but does no damage.
You feel better. The killer bee stings you!
* * * LOW HITPOINT WARNING * * *
Yredelemnul mirrors your injury!
The killer bee is severely wounded.
The killer bee stings you.
* * * LOW HITPOINT WARNING * * *
Yredelemnul mirrors your injury!
The killer bee is almost dead.
You can no longer recall your undead slaves.
You can no longer mirror injuries on your foes.
The killer bee stings you!
* * * LOW HITPOINT WARNING * * *
The killer bee stings you.
You die...
Your body rises from the dead as a mindless zombie.

.....#. .... .....#.
...... ....... #.<...>
#.....###......
#............. ..
###............ ...
#...?.......# ..#
......y@....### ..#
......gyy..##.###.#
.....)).....>.....#
#...(............#### .#
#....#..............##..
#....###.........##.....
..## ##........##.#...
.. .................
#....##...........


You could see 3 killer bees and a gnoll.

Vanquished Creatures
  Grinder (D:6)
  Sigmund (D:3)
  Menkaure (D:6)
  Edmund (D:6)
  Duvessa (D:6)
  An orc warrior (D:5)
  A black bear (D:5)
  2 ogres (D:6)
  A centaur (D:5)
  A kobold brigand (D:7)
  2 scorpions
  Dowan (D:6)
  3 killer bees (D:7)
  2 jellies
  3 orc priests
  3 hounds
  Crazy Yiuf (D:4)
  A gnoll shaman (D:3)
  4 orc wizards
  2 iguanas
  2 hound skeletons
  A howler monkey zombie (D:5)
  A howler monkey skeleton (D:5)
  8 adders
  10 gnolls
  2 ufetubi
  A worm (D:3)
  6 dart slugs
  11 orcs
  3 bats (D:2)
  7 endoplasms
  3 giant cockroaches
  8 hobgoblins
  7 jackals
  3 quokkas
  3 ball pythons (D:1)
  3 frilled lizards
  7 goblins
  A jackal skeleton (D:4)
  5 kobolds
  5 rats
130 creatures vanquished.

Vanquished Creatures (collateral kills)
  An orc priest (D:5)
  An orc (D:5)
2 creatures vanquished.

Vanquished Creatures (others)
  A dart slug zombie (D:4)
  An elf zombie (D:6)
  2 gnoll zombies (D:4)
  2 hound zombies (D:6)
  An iguana zombie (D:5)
  2 kobold zombies (D:7)
  4 orc zombies
  A fungus (D:4)
14 creatures vanquished.

Grand Total: 146 creatures vanquished

Notes
Turn   | Place    | Note
-------+----------+-------------------------------------------
     0 | D:1      | dolemite99 the Troll Transmuter began the quest for the
                  | Orb.
     0 | D:1      | Reached XP level 1. HP: 18/18 MP: 1/1
   196 | D:1      | Reached XP level 2. HP: 23/26 MP: 2/2
   229 | D:1      | Reached skill level 4 in Unarmed Combat
   572 | D:2      | Reached XP level 3. HP: 32/32 MP: 3/3
  1315 | D:3      | Found a faded altar of an unknown god.
  1342 | D:3      | Became a worshipper of Yredelemnul the Dark
  1342 | D:3      | Reached * piety under Yredelemnul
  1351 | D:3      | Reached XP level 4. HP: 40/40 MP: 4/4
  1354 | D:3      | Reached skill level 5 in Unarmed Combat
  1430 | D:3      | Reached skill level 1 in Invocations
  1545 | D:3      | Noticed Sigmund
  1562 | D:3      | Killed Sigmund
  1563 | D:3      | Reached XP level 5. HP: 32/46 MP: 4/6
  1563 | D:3      | Reached XP level 6. HP: 37/54 MP: 4/7
  1733 | D:4      | Identified the +4 war axe "Jellyslayer" {chaos, rElec rF++
                  | rN+ Int-5}
  1898 | D:4      | Found a glowing silver altar of Zin.
  1898 | D:4      | Found an opulent altar of Gozag.
  1979 | D:4      | Reached ** piety under Yredelemnul
  2734 | D:3      | Reached skill level 6 in Unarmed Combat
  3405 | D:4      | Found a snail-covered altar of Cheibriados.
  3543 | D:4      | Reached XP level 7. HP: 60/61 MP: 8/8
  3589 | D:4      | Found a runed translucent door.
  3590 | D:4      | Noticed Crazy Yiuf
  3623 | D:4      | Killed Crazy Yiuf
  3707 | D:5      | Entered Level 5 of the Dungeon
  3733 | D:5      | Reached skill level 7 in Unarmed Combat
  3809 | D:5      | Identified the +5 scale mail of the Swan {rF+ rC++ Regen+
                  | Str-5}
  3831 | D:5      | Found a staircase to the Ecumenical Temple.
  4118 | D:5      | Reached skill level 8 in Unarmed Combat
  4474 | D:6      | Reached XP level 8. HP: 47/68 MP: 9/9
  4576 | D:6      | Reached skill level 9 in Unarmed Combat
  4742 | D:6      | Noticed Dowan
  4743 | D:6      | Noticed Duvessa
  4757 | D:6      | Killed Duvessa
  4760 | D:6      | Killed Dowan
  4854 | D:6      | Noticed Edmund
  4861 | D:6      | Your ally Dowan died
  4878 | D:6      | Reached skill level 1 in Throwing
  4893 | D:6      | Killed Edmund
  5047 | D:6      | Noticed Grinder
  5054 | D:6      | Killed Grinder
  5158 | D:6      | Noticed Menkaure
  5161 | D:6      | Killed Menkaure
  5311 | D:7      | You fall into a shaft and drop 1 floor!
  5325 | D:8      | Reached skill level 5 in Throwing
  5407 | D:8      | You fall into a shaft and drop 1 floor!
  5456 | D:8      | Reached XP level 9. HP: 75/75 MP: 10/10
  5493 | D:7      | Reached *** piety under Yredelemnul
  5576 | D:7      | HP: 3/75 [killer bee (7)]
  5576 | D:7      | Slain by a killer bee

Illustrated notes

Levels and vault maps discovered:
D:1:      dpeg_arrival_rhombus, layout_basic
D:2:      layout_loops_ring, grunt_ministairs_11, minmay_misc_feat_five
D:3:      layout_rooms, ebering_ecumenical_altar_rust, uniq_sigmund
D:4:      layout_rooms, mainiacjoe_overflow_24_doors,
          grunt_temple_overflow_gold_and_silver, uniq_crazy_yiuf_cottage
D:5:      layout_cave_pools, minmay_temple_entry_arrows, serial_bayou_pond_c
D:6:      layout_loops_ring, uniq_menkaure, uniq_grinder, uniq_edmund,
          uniq_duvessa
D:7:      layout_cave_pools, uniq_harold
D:8:      layout_loops_corners, cheibrodos_ashenzari_chains,
          kennysheep_generic_room_9, uniq_erica, uniq_grum
D:9:      layout_stronghold, lair_entry_dummy, kennysheep_generic_room_4,
          uniq_pikel

Skill      XL: |  1  2  3  4  5  6  7  8 |
---------------+-------------------------+-----
Unarmed Combat | 4 5 6 8 9 |  9.6
Invocations    | 3 |  3.9
Throwing       | 5 |  5.8
Fighting       | |  0.7
Dodging        | |  1.5
Spellcasting   | |  1.2
Transmutations | |  1.3

Action                   |  1- 3 |  4- 6 |  7- 9 || total
-------------------------+-------+-------+-------++-------
Melee: Unarmed           |   103 |   111 |   165 ||   379
       Punch             |       |     1 |     5 ||     6
Throw: Boomerang         |       |       |    12 ||    12
       Throwing net      |       |       |     1 ||     1
       Dart              |       |       |    50 ||    50
Invok: Animate Remains   |       |     6 |    13 ||    19
       Recall Undead Sla |       |       |     2 ||     2
       Animate Dead      |       |       |     2 ||     2
       Injury Mirror     |       |       |     1 ||     1
Evoke: Wand              |       |     1 |       ||     1
  Use: Scroll            |       |       |     5 ||     5
       Potion            |       |       |     4 ||     4
 Stab: Sleeping          |     3 |       |       ||     3
Armor: Robe              |    58 |    37 |    63 ||   158
Dodge: Dodged            |    51 |    86 |    74 ||   211
